Map: Terraformation EC (Void)

Players

Ayjilanth - Winner!

  • Race: Protoss Protoss
  • League: Gold

ArmyofUltras

  • Race: Zerg Zerg
  • League: Gold

VOD

Have the link to the VOD?

Description

1g expo into 4G+robo into 8 gates warp prism all-in - PvZ

Time

  • Played on: Sept. 27, 2015, 10:37 a.m.
  • Length: 8:37
Show
View Real Time Build Order
Export as new Build Order

Ayjilanth Protoss - Winner!

Build Orders:  

Get SALT Encoding   

  12  0:00  Probe (Chrono Boost)  
  13  0:10  Probe (Chrono Boost)  
  14  0:19  Pylon  
  14  0:21  Probe (Chrono Boost)  
  15  0:37  Gateway  
  15  0:38  Probe (Chrono Boost)  
  16  0:48  Probe (Chrono Boost)  
  17  0:50  Assimilator  
  17  0:54  Assimilator  
  17  0:58  Probe (Chrono Boost)  
  18  1:08  Probe (Chrono Boost)  
  19  1:12  Pylon  
  19  1:18  Probe (Chrono Boost)  
  20  1:27  Cybernetics Core  
  20  1:28  Probe (Chrono Boost)  
  21  1:38  Probe (Chrono Boost)  
  22  1:41  Zealot  
  24  1:48  Probe (Chrono Boost)  
  25  1:58  Probe (Chrono Boost)  
  26  2:07  Mothership Core (Chrono Boost), Warp Gate (Chrono Boost)  
  28  2:26  Nexus  
  28  2:38  Gateway  
  28  2:44  Gateway  
  28  2:48  Sentry (Chrono Boost)  
  30  3:06  Gateway  
  30  3:10  Probe  
  31  3:16  Pylon  
  31  3:22  Robotics Facility  
  32  3:34  Probe  
  32  3:35  Probe  
  32  3:36  Sentry x2  
  37  3:45  Probe  
  37  3:46  Probe  
  39  3:55  Probe  
  39  3:58  Probe  
  41  4:05  Probe  
  41  4:06  Pylon  
  41  4:09  Warp Prism (Chrono Boost)  
  42  4:10  Probe  
  42  4:15  Probe  
  45  4:18  Sentry  
  45  4:19  Adept  
  50  4:25  Probe  
  50  4:26  Probe  
  52  4:32  Pylon  
  52  4:35  Probe  
  53  4:38  Probe  
  53  4:41  Observer (Chrono Boost)  
  53  4:42  Pylon  
  53  4:45  Probe  
  55  4:50  Probe  
  57  4:55  Gateway  
  57  4:59  Gateway  
  57  5:00  Gateway  
  57  5:05  Gateway  
  57  5:20  Adept, Zealot x2  
  57  5:21  Adept  
  65  5:35  Pylon  
  65  5:38  Pylon  
  65  5:44  Pylon  
  65  5:49  Stalker  
  67  5:50  Stalker, Adept x2  
  67  5:51  Adept  
  77  6:00  Adept x2  
  79  6:16  Observer (Chrono Boost)  
  79  6:24  Stalker x5  
  79  6:25  Stalker  
  89  6:33  Immortal (Chrono Boost)  
  89  6:37  Stalker x2  
  97  6:45  Pylon  
  97  6:47  Pylon  
  97  6:52  Stalker x3  
  95  6:58  Stalker  
  95  6:59  Zealot  
  95  7:00  Zealot x2  
  101  7:14  Immortal (Chrono Boost)  
  105  7:18  Zealot x3  
  111  7:39  Pylon  
  111  7:41  Pylon  
  111  7:51  Immortal (Chrono Boost)  
  115  7:58  Zealot  
  115  7:59  Zealot x4  
  115  8:00  Zealot  
  115  8:04  Pylon  
  127  8:06  Pylon  
  127  8:11  Stalker x2  
  127  8:21  Stalker x3  
  113  8:35  Assimilator x2  
Show
View Real Time Build Order
Export as new Build Order

ArmyofUltras Zerg 

Build Orders: Hatch First 

Get SALT Encoding   

  12  0:01  Drone  
  13  0:12  Overlord  
  13  0:17  Drone  
  14  0:31  Drone x2  
  16  0:51  Hatchery  
  15  0:58  Drone  
  15  0:59  Drone  
  15  1:00  Drone  
  18  1:17  Spawning Pool  
  18  1:18  Drone  
  18  1:22  Drone  
  19  1:33  Drone  
  20  1:41  Extractor  
  20  1:42  Extractor  
  20  1:43  Drone  
  19  1:52  Overlord  
  19  2:04  Queen  
  19  2:06  Queen  
  19  2:07  Zergling x2  
  24  2:11  Drone, Spine Crawler  
  24  2:16  Drone  
  24  2:21  Drone  
  26  2:27  Drone  
  26  2:28  Drone  
  28  2:41  Queen  
  28  2:42  Queen  
  32  2:49  Overlord  
  32  2:53  Drone  
  33  3:01  Drone x2  
  34  3:07  Drone  
  34  3:08  Drone  
  34  3:09  Drone  
  36  3:24  Drone x5  
  41  3:29  Lair  
  41  3:45  Hatchery  
  40  3:54  Drone  
  40  3:55  Drone x3  
  44  3:56  Overlord  
  44  4:00  Overlord  
  44  4:05  Overlord  
  44  4:11  Extractor x2  
  44  4:16  Roach Warren  
  41  4:18  Evolution Chamber  
  41  4:19  Drone  
  41  4:21  Evolution Chamber, Drone  
  41  4:23  Drone  
  42  4:26  Drone  
  42  4:27  Drone  
  42  4:29  Drone  
  45  4:37  Drone x4  
  49  4:39  Drone  
  50  4:56  Roach x4  
  50  4:57  Roach  
  60  5:01  Glial Reconstitution  
  60  5:03  Drone  
  61  5:13  Zerg Missile Weapons Level 1, Zerg Ground Armor Level 1  
  61  5:14  Drone  
  62  5:23  Drone  
  62  5:26  Spore Crawler  
  62  5:28  Spore Crawler  
  62  5:29  Spore Crawler  
  62  5:31  Drone  
  62  5:32  Drone  
  62  5:42  Roach  
  64  5:43  Roach x5  
  64  5:45  Overlord  
  74  6:07  Hydralisk Den  
  74  6:09  Drone x3  
  76  6:15  Roach  
  76  6:16  Roach x3  
  78  6:33  Roach  
  78  6:34  Roach  
  78  6:35  Overlord x2  
  78  6:36  Overlord  
  82  6:52  Roach  
  74  6:57  Roach x3  
  78  7:12  Roach x3  
  78  7:14  Overlord x4  
  84  7:22  Overlord x2  
  84  7:34  Roach x6  
  94  7:53  Roach  
  94  7:54  Roach x5  
  106  8:03  Roach  
  106  8:04  Roach x3  
  114  8:09  Overlord  
  114  8:15  Roach x3  
Tags
 
Add a new tag
Caveats
  • Supply blocks, unpowered buildings, or Contaminate may cause inaccurate times.
  • Supply counts are checked every 10 seconds.